 Dungeon Crawl Stone Soup version 0.26-a0-610-g3e9335bbc7 (webtiles) character file.

Game seed: 1892655490199712192

482 Descartes the Ducker (level 6, 0/29 HPs)
             Began as a Felid Monk on Sept 4, 2020.
             Slain by a gnoll sergeant
             ... wielding a +2 spear of venom
              (3 damage)
             ... on level 5 of the Dungeon.
             The game lasted 00:07:28 (6418 turns).

Descartes the Ducker (Felid Monk)                   Turns: 6418, Time: 00:07:29

Health: 0/29       AC:  2    Str:  9    XL:     6   Next: 87%
Magic:  7/7        EV: 22    Int: 12    God:
Gold:   267        SH:  0    Dex: 18    Spells: 3/5 levels left
                                        Lives:  0   Deaths: 1

rFire    . . .     SeeInvis +     - Unarmed
rCold    . . .     Faith    .   (shield unavailable)
rNeg     . . .     Spirit   .   (armour unavailable)
rPois    .         Reflect  .   (helmet unavailable)
rElec    .         Harm     .   (cloak unavailable)
rCorr    .                      (gloves unavailable)
MR       .....                  (boots unavailable)
Stlth    ++++......             (no amulet)
HPRegen  0.09/turn              (no ring)
MPRegen  0.10/turn              (no ring)

@: lethally poisoned (0 -> -17), quick
A: very small, no armour, no weapons or thrown items, stealth, claws 1, fangs 3,
see invisible, speed 1, shaggy fur 2, sharp paws
a: no special abilities


You were on level 5 of the Dungeon.
You visited 1 branch of the dungeon, and saw 5 of its levels.

You collected 267 gold pieces.

Inventory:

Missiles
 m - 19 arrows
Wands
 l - a wand of flame (19)
 o - a wand of iceblast (3)
Scrolls
 a - a scroll of magic mapping
 c - a scroll of remove curse
 d - a scroll of immolation
 g - a scroll of fear {unknown}
 j - a scroll of teleportation {unknown}
 n - a scroll of enchant armour {unknown}
Potions
 b - 3 potions of curing
 e - a potion of degeneration {unknown}
 f - 2 potions of brilliance {unknown}
 h - 2 potions of stabbing {unknown}
 i - a potion of ambrosia
 k - a potion of flight {unknown}
 p - a potion of lignification {unknown}


   Skills:
 + Level 4.7 Fighting
 + Level 6.2 Dodging
 + Level 5.8 Stealth
 + Level 4.7 Unarmed Combat
 + Level 2.2 Translocations


You had 3 spell levels left.
You knew the following spells:

 Your Spells              Type           Power        Failure   Level
a - Blink                 Tloc           N/A          21%         2

Your spell library contained the following spells:

 Spells                   Type           Power        Failure   Level
 Magic Dart               Conj           #...         32%         1
 Call Imp                 Summ           #.......     45%         2
 Slow                     Hex            #.......     45%         2
 Conjure Flame            Conj/Fire      #.......     69%         3
 Mephitic Cloud           Conj/Pois/Air  #.......     69%         3


Dungeon Overview and Level Annotations

Branches:
Dungeon (5/15)
 Temple: D:4-7

Altars:
Fedhas
Hepliaklqana
Qazlal
Sif Muna
Xom

Annotations:
D:3 Jessica
D:4 4 runed translucent doors, Crazy Yiuf; TerraDOOM's ghost, amateur GrFi


Innate Abilities, Weirdness & Mutations

You cannot wear armour.
You are incapable of wielding weapons or throwing items.
Your paws allow you to move quietly. (Stealth)
You have sharp claws.
You have razor-sharp teeth.
You have supernaturally acute eyesight. (SInv)
You cover ground quickly.
You are covered in thick fur. (AC +2)
Your sharp claws are effective at attacking unaware monsters.


Message History

You scratch the gnoll sergeant but do no damage.
The gnoll sergeant hits you with a +2 spear of venom!
You are poisoned.
You closely miss the gnoll sergeant.
You feel sick. The gnoll sergeant misses you.
You scratch the gnoll sergeant.
The gnoll sergeant is lightly wounded.
The gnoll sergeant completely misses you.
You barely miss the gnoll sergeant.
The gnoll sergeant is lightly wounded.
You feel sick.
The gnoll sergeant hits you with a +2 spear of venom!
* * * LOW HITPOINT WARNING * * *
You are lethally poisoned!
The gnoll sergeant blocks your attack.
The gnoll sergeant is lightly wounded.
* * * LOW HITPOINT WARNING * * *
You feel sick.
The gnoll sergeant hits you with a +2 spear of venom.
You die...

...# #....#.##.##.........# ..)#
####....#.##.##.........# ...#
#)......#<##.##.....g...# '###
#.##.#######.##.....c...# .#
#.#.......##.# #..# .#
#.#.....#.##.# #..#
.######.....#.#....# #..#
.#........#.#.######### #gg####
.#.########.#...@gg...# #.>g..#
.#....#####.########.+#######(##
...##.#(....# #.....#.#.....c..#
##.##.#.##### #......_gc.g.....#
#.##.#.# #.....#.#.g......#
#.##.#.# #..............^.#
#....#.# #................#
######.# #..........(.....#
#.....# #####...........######


You could see a gnoll sergeant and a gnoll.

Vanquished Creatures
  An ogre (D:5)
  A centaur (D:5)
  2 hounds
  2 orc priests (D:3)
  Terence (D:2)
  3 orc wizards (D:3)
  A worker ant zombie (D:5)
  Robin (D:1)
  2 adders (D:3)
  An ufetubus (D:5)
  2 oozes
  2 worms
  A dart slug (D:2)
  2 leopard geckos
  6 orcs (D:3)
  A ball python (D:1)
  4 giant cockroaches
  11 hobgoblins
  9 jackals
  13 kobolds
  3 quokkas (D:3)
  7 bats
  6 frilled lizards
  14 goblins
  5 rats
101 creatures vanquished.

Notes
Turn   | Place    | Note
-------+----------+-------------------------------------------
     0 | D:1      | Descartes the Felid Monk began the quest for the Orb.
     0 | D:1      | Reached XP level 1. HP: 10/10 MP: 2/2
   412 | D:1      | Reached XP level 2. HP: 13/14 MP: 3/3
   979 | D:1      | Reached XP level 3. HP: 17/17 MP: 4/4
  1290 | D:2      | Noticed Robin
  2260 | D:2      | Noticed Terence
  2280 | D:2      | Killed Terence
  2280 | D:2      | Reached XP level 4. HP: 7/22 MP: 5/5
  2551 | D:2      | Found a blossoming altar of Fedhas.
  2554 | D:2      | Found a stormy altar of Qazlal.
  3027 | D:1      | Killed Robin
  3027 | D:1      | Reached skill level 5 in Dodging
  3220 | D:3      | Found a hazy altar of Hepliaklqana.
  3582 | D:3      | Reached XP level 5. HP: 25/25 MP: 6/6
  3789 | D:3      | Killed from afar by an orc wizard
  3790 | D:3      | Reached XP level 4. HP: 0/22 MP: 5/5
  3822 | D:3      | Reached XP level 5. HP: 15/25 MP: 6/6
  4079 | D:3      | Noticed Jessica
  4091 | D:3      | Found a shimmering blue altar of Sif Muna.
  4398 | D:3      | Reached skill level 5 in Stealth
  5077 | D:3      | Learned a level 2 spell: Blink
  5214 | D:4      | Found a runed translucent door.
  5215 | D:4      | Noticed Crazy Yiuf
  5513 | D:4      | Gained mutation: You are covered in thick fur. (AC +2)
                  | [Felid growth]
  5513 | D:4      | Reached XP level 6. HP: 18/29 MP: 7/7
  5682 | D:4      | Found a runed translucent gate.
  5682 | D:4      | Found a runed translucent gate.
  5682 | D:4      | Found a runed translucent gate.
  5684 | D:4      | Noticed TerraDOOM's ghost (amateur GrFi)
  6059 | D:5      | Entered Level 5 of the Dungeon
  6094 | D:5      | Reached skill level 1 in Translocations
  6125 | D:5      | Reached skill level 6 in Dodging
  6348 | D:5      | Found a shimmering altar of Xom.
  6418 | D:5      | Slain by a gnoll sergeant

Illustrated notes

Levels and vault maps discovered:
D:1:      dpeg_arrival_chambers_temple_mockup, layout_loops_ring
D:2:      layout_rooms, grunt_temple_overflow_forces_of_nature, uniq_terence,
          uniq_robin
D:3:      layout_loops_corners, lemuel_round_altar, fountainhead, tgw_sif
D:4:      layout_basic, gammafunk_ghost_necromancy, uniq_crazy_yiuf_cottage
D:5:      layout_basic, lemuel_crystal_altar

Skill      XL: |  1  2  3  4  5  6 |
---------------+-------------------+-----
Stealth        | 3 4 5 |  5.8
Dodging        | 5 6 |  6.2
Fighting       | 4 |  4.7
Unarmed Combat | 4 |  4.7
Translocations | 2 |  2.2

Action                   |  1- 3 |  4- 6 || total
-------------------------+-------+-------++-------
Melee: Unarmed           |   158 |   211 ||   369
       Bite              |    14 |    25 ||    39
       Punch             |     1 |     5 ||     6
  Use: Scroll            |       |     5 ||     5
 Stab: Sleeping          |    11 |    13 ||    24
Armor: Skin              |     5 |     7 ||    12
Dodge: Dodged            |   133 |   187 ||   320

Table legend: (Time is in decaauts)
 A = Elapsed time spent in this place.
 B = Non-inter-level travel time spent in this place.
 C = Inter-level travel time spent in this place.
 D = Time resting spent in this place.
 E = Time spent auto-exploring this place.
 F = Levels seen in this place.
 G = Mean time per level.
                   A        B        C        D        E       F      G
               +--------+--------+--------+--------+--------+-----+--------+
         Total |   5742 |   5582 |    160 |      0 |   4690 |   5 | 1148.4 |
       Dungeon |   5742 |   5582 |    160 |      0 |   4690 |   5 | 1148.4 |
               +--------+--------+--------+--------+--------+-----+--------+

Top non-repeatable levels by time:
     D:2: 1568 daAuts
     D:1: 1559 daAuts
     D:3: 1501 daAuts
     D:4: 814 daAuts
     D:5: 299 daAuts
